 Dungeon Crawl Stone Soup version 0.28-a0-983-g1de4e0787c (webtiles) character file.

Game seed: 14545146279297669948

186 Decritt the Skirmisher (level 5, -6/34 HPs)
             Began as a Gargoyle Fighter on Dec 3, 2021.
             Mangled by Sigmund (9 damage)
             ... on level 3 of the Dungeon.
             The game lasted 00:03:27 (2731 turns).

Decritt the Skirmisher (Gargoyle Fighter)           Turns: 2731, Time: 00:03:28

Health: -6/34      AC: 11    Str: 27    XL:     5   Next: 66%
Magic:  5/5        EV:  9    Int:  9    God:
Gold:   96         SH:  4    Dex:  9    Spells: 4/4 levels left

rFire   . . .      SeeInvis .   a - +0 flail
rCold   . . .      Faith    .   c - +0 buckler
rNeg    + . .      Spirit   .   b - +0 scale mail
rPois   ∞          Reflect  .   (no helmet)
rElec   +          Harm     .   d - scarf {repulsion}
rCorr   .          Rampage  .   (no gloves)
Will    .....                   (no boots)
Stlth   ..........              (no amulet)
HPRegen 0.11/turn               j - +6 ring of strength
MPRegen 0.09/turn               (no ring)

@: repel missiles
A: sickness immunity, AC +4, negative energy resistance 1, electricity
resistance, torment resistance 1, petrification resistance
a: no special abilities


You were on level 3 of the Dungeon.
You visited 1 branch of the dungeon, and saw 3 of its levels.

You collected 96 gold pieces.

Inventory:

Hand Weapons
 a - a +0 flail (weapon)
Missiles
 m - 6 poisoned darts (quivered)
Armour
 b - a +0 scale mail (worn)
 c - a +0 buckler (worn)
 d - a scarf of repulsion (worn)
Jewellery
 j - a +6 ring of strength (left hand)
Scrolls
 h - a scroll of enchant armour {unknown}
 k - a scroll of enchant weapon {unknown}
 l - a scroll of identify {unknown}
Potions
 e - 3 potions of curing {unknown}
 f - 2 potions of mutation {unknown}
 g - a potion of degeneration {unknown}
 i - a potion of brilliance {unknown}


   Skills:
 * Level 4.9 Fighting
 * Level 3.9 Maces & Flails
 + Level 4.2 Armour
 - Level 3.2 Shields


You had 4 spell levels left.
You didn't know any spells.
Your spell library was empty.

Dungeon Overview and Level Annotations

Branches:
Dungeon (3/15)

Altars:

Annotations:
D:3 Sigmund


Innate Abilities, Weirdness & Mutations

You are immune to sickness and miasma.
Your stone body is resilient. (AC +4)
You are immune to poison.
You resist negative energy. (rN+)
You are resistant to electric shocks. (rElec)
You are resistant to unholy torment.
You are immune to petrification.


Message History

You closely miss Sigmund.
Sigmund is heavily wounded.
Sigmund gestures at you while chanting. You resist with some effort.
You closely miss Sigmund.
Sigmund is heavily wounded.
Sigmund casts a spell.
Sigmund flickers and vanishes!
Deactivating autopickup; reactivate with Ctrl-A.
You barely miss something.
You hear some strange, mumbled words.
A magic dart appears from out of thin air!
The magic dart hits you but does no damage.
You miss something.
You hear some strange, mumbled words.
You are confused.
You miss something. Something hits you but does no damage.
You completely miss something. Something hits you but does no damage.
You miss something. Something hits you but does no damage.
You bump into the rock wall.
Something hits you.
You feel less confused. Something hits you.
Something hits you but does no damage.
You closely miss something. You miss something. Something hits you.
* * * LOW HITPOINT WARNING * * *
You completely miss something. Something hits you but does no damage.
You closely miss something. Something hits you.
* * * LOW HITPOINT WARNING * * *
You closely miss something. Something hits you!
* * * LOW HITPOINT WARNING * * *
You barely miss something. You barely miss something. Something hits you!
* * * LOW HITPOINT WARNING * * *
You hit something. Something hits you but does no damage.
You hit something but do no damage.
You hear some strange, mumbled words.
Something tries to affect you, but you resist.
You barely miss something. Something hits you!
You die...

##. .... #..#.. #..
..####.#.#!# #.#
#.##....(.# #.##
#.......... #..
#.....(.#
#.#####..(....#
####.....((.(.(..#
#...{(..##.......#
#.#.@##.##.......#
#..#.##.##.......#
#.##.##.##.......#
#..##.##.##########
#.#.......####.###
#.#####.#####.....#
.#
#..)...........######
#.##.##..#.....<.....
#.##.##..#.....######


There were no monsters in sight!

Vanquished Creatures
  A phantom (D:2)
  A water moccasin skeleton (D:2)
  An adder (D:2)
  A worm (D:2)
  3 dart slugs (D:2)
  3 ball pythons (D:1)
  5 endoplasms
  2 hobgoblins
  3 jackals (D:1)
  4 quokkas (D:1)
  6 bats
  3 frilled lizards
  4 goblins
  4 kobolds
  4 rats
45 creatures vanquished.

Notes
Turn   | Place    | Note
-------+----------+-------------------------------------------
     0 | D:1      | Decritt the Gargoyle Fighter began the quest for the Orb.
     0 | D:1      | Reached XP level 1. HP: 14/14 MP: 1/1
   206 | D:1      | Reached XP level 2. HP: 13/19 MP: 2/2
   593 | D:1      | Found a faded altar of an unknown god.
  1000 | D:2      | Reached XP level 3. HP: 17/24 MP: 3/3
  1606 | D:2      | Reached XP level 4. HP: 20/29 MP: 4/4
  1918 | D:2      | Noticed a phantom
  1955 | D:2      | Killed a phantom
  1956 | D:2      | Reached XP level 5. HP: 9/34 MP: 5/5
  2677 | D:3      | Noticed Sigmund
  2731 | D:3      | Mangled by Sigmund

Illustrated notes

Levels and vault maps discovered:
D:1:      minmay_arrival_cross, layout_loops_ring,
          hellmonk_ecumenical_altar_pennies_from_heaven, minmay_heptomino_o4
D:2:      layout_rooms
D:3:      layout_loops_cross, mainiacjoe_overflow_tiny_flanked, uniq_sigmund

Skill      XL: |  1  2  3  4 |
---------------+-------------+-----
Fighting       | 4 |  4.9
Maces & Flails | 3 |  3.9
Armour         | 4 |  4.2
Shields        | |  3.2

Action                   |  1- 3 |  4- 6 || total
-------------------------+-------+-------++-------
Melee: Flail             |    96 |    69 ||   165
Throw: Dart              |       |    26 ||    26
  Use: Potion            |       |     1 ||     1
Armor: Scale mail        |    80 |    39 ||   119
Dodge: Dodged            |    69 |    34 ||   103
Block: Buckler           |    29 |     7 ||    36

Table legend: (Time is in decaauts)
 A = Elapsed time spent in this place.
 B = Non-inter-level travel time spent in this place.
 C = Inter-level travel time spent in this place.
 D = Time resting spent in this place.
 E = Time spent auto-exploring this place.
 F = Levels seen in this place.
 G = Mean time per level.
                   A        B        C        D        E       F      G
               +--------+--------+--------+--------+--------+-----+--------+
         Total |   2777 |   2737 |     40 |    963 |   1326 |   3 |  925.7 |
       Dungeon |   2777 |   2737 |     40 |    963 |   1326 |   3 |  925.7 |
               +--------+--------+--------+--------+--------+-----+--------+

Top non-repeatable levels by time:
     D:1: 1606 daAuts
     D:2: 1058 daAuts
     D:3: 113 daAuts
